 Dungeon Crawl Stone Soup version 0.26-a0-489-g112e8ad46e (webtiles) character file.

Game seed: 4997910535622885994

24762 KristoblXynda the Grappler (level 12, -8/107 HPs)
             Began as a Troll Hedge Wizard on Aug 3, 2020.
             Was a Priest of Ashenzari.
             Splashed by an acid dragon's acid (11 damage)
             ... on level 14 of the Dungeon.
             The game lasted 00:25:02 (14126 turns).

KristoblXynda the Grappler (Troll Hedge Wizard)    Turns: 14126, Time: 00:25:03

Health: -8/107     AC:  0    Str: 27    XL:     12   Next: 83%
Magic:  12/14      EV: 16    Int: 14    God:    Ashenzari [***...]
Gold:   725        SH:  0    Dex: 14    Spells: 11/15 levels left

rFire    . . .     SeeInvis +     - Unarmed
rCold    . . .     Faith    .   (no shield)
rNeg     . . .     Spirit   .   z - +0 robe
rPois    .         Reflect  .   c - +1 hat
rElec    .         Harm     .   A - +0 cloak of the Hippo {Dex+5} (curse)
rCorr    .                      (gloves unavailable)
MR       .....                  (boots unavailable)
Stlth    ++........             (no amulet)
HPRegen  0.67/turn              l - ring of wizardry (curse)
MPRegen  0.14/turn              B - +6 ring of strength

@: about to teleport, corroded
A: large, unfitting armour, claws 3, regeneration 1, shaggy fur 1, tough skin 3
a: Curse Item, Scrying, Renounce Religion


You were on level 14 of the Dungeon.
You worshipped Ashenzari.
Ashenzari was most pleased with you.
You visited 2 branches of the dungeon, and saw 15 of its levels.

You collected 1084 gold pieces.
You spent 359 gold pieces at shops.

Inventory:

Hand Weapons
 v - a +4 long sword of flaming
Armour
 a - the +2 robe of Wuihauhe {rF- Dex+4}
   (You found it on level 4 of the Dungeon)

   It affects your dexterity (+4).
   It makes you vulnerable to fire.
 c - a +1 hat (worn)
 z - a +0 robe (worn)
 A - the cursed +0 cloak of the Hippo (worn) {Dex+5}
   (You bought it in a shop on level 7 of the Dungeon)

   It affects your dexterity (+5).
   It has a curse placed upon it.
Jewellery
 l - a cursed ring of wizardry (left claw)
 x - the ring "Leim" {*Tele MR- Dex+9}
   (You found it on level 5 of the Dungeon)

   [ring of teleportation]

   It may teleport you next to monsters.
   It affects your dexterity (+9).
   It affects your resistance to hostile enchantments.
 B - a +6 ring of strength (right claw)
 E - an uncursed ring of positive energy
 G - an uncursed ring of protection from cold
Wands
 b - a wand of disintegration (20)
 y - a wand of paralysis (14)
 F - a wand of acid (13)
Scrolls
 f - 5 scrolls of remove curse
 h - a scroll of enchant weapon
 n - a scroll of torment
 p - 2 scrolls of enchant armour
 q - a scroll of magic mapping
 r - 4 scrolls of fog
 s - 4 scrolls of teleportation
Potions
 d - 2 potions of brilliance
 e - a potion of invisibility
 g - a potion of magic
 j - 3 potions of curing
 k - a potion of cancellation
 m - 2 potions of lignification
 o - 2 potions of stabbing
 t - 2 potions of might
 u - a potion of resistance
 w - 4 potions of flight


   Skills:
 + Level 4.1 Fighting
 + Level 10.5 Dodging
 - Level 1.0 Stealth
 + Level 12.1 Unarmed Combat
 - Level 2.0 Spellcasting
 + Level 9.6 Conjurations
   Level 0.6 Summonings
   Level 0.6 Translocations


You had 11 spell levels left.
You knew the following spells:

 Your Spells              Type           Power        Failure   Level
a - Magic Dart            Conj           ####         1%          1
b - Mephitic Cloud        Conj/Pois/Air  ##......     8%          3

Your spell library contained the following spells:

 Spells                   Type           Power        Failure   Level
 Conjure Flame            Conj/Fire      ##......     4%          3
 Corona                   Hex            #......      10%         1
 Blink                    Tloc           N/A          12%         2
 Call Imp                 Summ           #.......     12%         2
 Slow                     Hex            #.......     14%         2
 Inner Flame              Hex/Fire       #.......     26%         3
 Portal Projectile        Hex/Tloc       #.....       26%         3
 Cause Fear               Hex            #.........   65%         4
 Leda's Liquefaction      Hex/Erth       #.........   65%         4


Dungeon Overview and Level Annotations

Branches:
Dungeon (14/15)            Temple (1/1) D:4            Lair (0/6) D:11
    Orc (0/2) D:12         Vaults (0/5) D:13

Altars:
Ashenzari
Cheibriados
Dithmenos
Elyvilon
Fedhas
Gozag
Hepliaklqana
Kikubaaqudgha
Makhleb
Nemelex Xobeh
Okawaru
Qazlal
Ru
Sif Muna
Trog
Uskayaw
Vehumet
Wu Jian
Xom
Yredelemnul
Zin
The Shining One

Shops:
D:4 (!(!?   D:7 [}[[*   D:9 :

Annotations:
D:6 Maggie, Sigmund
D:11 2 runed translucent doors


Innate Abilities, Weirdness & Mutations

You are too large for most types of armour.
You have claws for hands.
Your natural rate of healing is unusually fast.
You are covered in fur. (AC +1)
You have extremely tough skin. (AC +3)


Message History

The centaur warrior unwields a +0 longbow.
The centaur warrior hits you!
* * * LOW HITPOINT WARNING * * *
The centaur shoots an arrow.
The arrow barely misses you.
Unknown command.
As you read the scroll of teleportation, it crumbles to dust.
You feel strangely unstable.
The orc priest mumbles some strange prayers to Beogh against you.
Pain shoots through your body!
* * * LOW HITPOINT WARNING * * *
The centaur warrior closely misses you.
The orc wizard gestures wildly while chanting.
The orc wizard blinks!
The centaur warrior hits you!
* * * LOW HITPOINT WARNING * * *
The acid dragon spits acid at you. The splash of acid hits you!
* * * LOW HITPOINT WARNING * * *
The acid corrodes you!
You are splashed with acid!
You die...

...########.. * #### ,*
...((........# ,{ .....
.....(.#####.#######.....
####...# #............. ,
,#.(.# #....o.......D , ,
, ,, #...# #.............
, , #).)# #...##D#+#####
#)).# #...#.c)...... , *
,###...#####...#@co......
#.............#...c.....
,#.............#.........
,
#.............#.....(...
#...#######...#.........,
, #...+ ,, #...#..#####..
#...# ,,, #...#..#, '..
#...# , #...#..# , #...#
* ####+


You could see a centaur warrior, an acid dragon (catching breath), 2 centaurs
and an orc priest.

Vanquished Creatures
  4 vault guards (D:13)
  3 hydras
  A catoblepas (D:13)
  4 two-headed ogres
  An unseen horror (D:13)
  2 ugly things
  2 orc knights
  A manticore (D:13)
  2 cyclopes
  Maurice (D:10)
  A gargoyle (D:9)
  Psyche (D:12)
  4 centaur skeletons
  2 kobold demonologists
  A freezing wraith (D:14)
  2 trolls
  Prince Ribbit (D:6)
  3 hippogriffs
  3 slime creatures (D:13)
  A meliai zombie (D:13)
  4 wraiths
  A shadow (D:11)
  A wyvern (D:14)
  3 yaks (D:10)
  A vampire (D:12)
  4 vampire mosquitoes
  3 water moccasins
  An eye of draining (D:12)
  8 orc warriors
  A sky beast (D:10)
  A necrophage (D:10)
  3 ice beasts
  2 black bears
  7 ogres
  9 centaurs
  2 phantoms
  7 bullfrogs
  4 big kobolds
  3 scorpions
  9 wights
  3 killer bees (D:8)
  An electric eel (D:9)
  2 bullfrog zombies
  6 centaur zombies
  2 orc priests (D:12)
  5 hounds
  2 jellies
  8 orc wizards
  2 bullfrog skeletons
  A gnoll shaman (D:8)
  5 iguanas
  6 worker ants
  Ijyb (D:3)
  11 gnolls
  12 adders
  A white imp (D:10)
  An ufetubus (D:9)
  An adder zombie (D:8)
  2 worms
  2 dart slugs
  7 leopard geckos
  63 orcs
  3 ball pythons
  4 giant cockroaches
  8 goblins
  4 hobgoblins
  2 jackals (D:1)
  15 kobolds
  6 quokkas
  10 bats
  4 frilled lizards
  A leopard gecko skeleton (D:8)
  A quokka skeleton (D:5)
  7 rats
323 creatures vanquished.

Vanquished Creatures (others)
  An orc (D:11)
  3 toadstools (D:12)
4 creatures vanquished.

Grand Total: 327 creatures vanquished

Notes
Turn   | Place    | Note
-------+----------+-------------------------------------------
     0 | D:1      | KristoblXynda the Troll Hedge Wizard began the quest for
                  | the Orb.
     0 | D:1      | Reached XP level 1. HP: 16/16 MP: 2/2
   151 | D:1      | Reached skill level 1 in Conjurations
   164 | D:1      | Reached XP level 2. HP: 23/24 MP: 4/4
   435 | D:1      | Reached skill level 1 in Unarmed Combat
   761 | D:2      | Reached XP level 3. HP: 16/31 MP: 5/5
   850 | D:2      | Reached skill level 2 in Unarmed Combat
   850 | D:2      | Reached XP level 4. HP: 25/39 MP: 6/6
  1460 | D:3      | Learned a level 3 spell: Mephitic Cloud
  1609 | D:3      | Found a faded altar of an unknown god.
  2025 | D:3      | Noticed Ijyb
  2048 | D:3      | Killed Ijyb
  2048 | D:3      | Reached XP level 5. HP: 45/45 MP: 7/7
  2514 | D:4      | Found Ykkuar's Magic Scroll Shoppe.
  2531 | D:4      | Reached skill level 3 in Unarmed Combat
  2559 | D:4      | Got a wizard robe
  2576 | D:4      | Noticed an ogre
  2589 | D:4      | Killed an ogre
  2589 | D:4      | Reached XP level 6. HP: 23/53 MP: 8/8
  2663 | D:4      | Found Caolil's Distillery.
  2666 | D:4      | Bought 2 potions of lignification for 84 gold pieces
  2674 | D:4      | Found Itient's Antique Weapon Boutique.
  2785 | D:4      | Found a staircase to the Ecumenical Temple.
  2800 | Temple   | Entered the Ecumenical Temple
  2830 | Temple   | Became a worshipper of Ashenzari the Shackled
  3056 | D:4      | Found Joth's Distillery.
  3263 | D:4      | Reached skill level 4 in Unarmed Combat
  3263 | D:4      | Reached XP level 7. HP: 19/59 MP: 5/9
  3624 | D:4      | Found Waklom's Antique Weapon Shoppe.
  3650 | D:5      | Entered Level 5 of the Dungeon
  3667 | D:5      | Identified the +2 robe of Wuihauhe {rF- Dex+4} (You found
                  | it on level 4 of the Dungeon)
  4213 | D:5      | Identified the ring "Leim" {*Tele MR- Dex+9}
  4684 | D:6      | Reached skill level 5 in Unarmed Combat
  4880 | D:6      | Reached XP level 8. HP: 61/67 MP: 10/10
  4956 | D:6      | Reached * piety under Ashenzari
  4989 | D:6      | Reached skill level 5 in Dodging
  5271 | D:6      | Noticed Prince Ribbit
  5298 | D:6      | Killed Prince Ribbit
  5298 | D:6      | Reached skill level 6 in Unarmed Combat
  5356 | D:6      | Noticed Sigmund
  5363 | D:6      | Noticed Maggie
  5595 | D:7      | Found Xahodino's Gadget Shoppe.
  5632 | D:7      | Reached skill level 5 in Conjurations
  5848 | D:7      | Found Etraufus's Antique Armour Boutique.
  6134 | D:7      | Found Baxet's Armour Shoppe.
  6180 | D:7      | Found Utargh's Antique Armour Shop.
  6187 | D:7      | Bought a twisted cloak for 275 gold pieces
  6193 | D:7      | Identified the cursed +0 cloak of the Hippo {Dex+5} (You
                  | bought it in a shop on level 7 of the Dungeon)
  6382 | D:7      | Found Abostraka's Assorted Antiques.
  6544 | D:8      | Reached XP level 9. HP: 72/74 MP: 11/11
  6741 | D:8      | Reached skill level 7 in Unarmed Combat
  7380 | D:9      | Reached ** piety under Ashenzari
  7422 | D:9      | Found an ancient bone altar of Kikubaaqudgha.
  7441 | D:9      | Noticed a gargoyle
  7452 | D:9      | Killed a gargoyle
  7807 | D:9      | Found a stormy altar of Qazlal.
  7873 | D:9      | Found Onguaxesh's Book Shoppe.
  7960 | D:10     | Entered Level 10 of the Dungeon
  7968 | D:10     | Noticed Maurice
  7983 | D:10     | Killed Maurice
  7983 | D:10     | Reached skill level 8 in Unarmed Combat
  8062 | D:10     | Reached XP level 10. HP: 65/81 MP: 12/12
  8893 | D:10     | Reached skill level 9 in Unarmed Combat
 10030 | D:11     | Found a staircase to the Lair.
 10127 | D:11     | Found a large runed translucent door.
 10127 | D:11     | Found a large runed translucent door.
 10127 | D:11     | Noticed an orc knight
 10128 | D:11     | Noticed a six-headed hydra
 10128 | D:11     | Noticed a green ugly thing
 10128 | D:11     | Noticed a cyclops
 10141 | D:11     | Killed an orc knight
 10148 | D:11     | Killed a green ugly thing
 10148 | D:11     | Reached XP level 11. HP: 74/88 MP: 7/13
 10223 | D:11     | Killed a one-headed hydra
 10223 | D:11     | Reached skill level 10 in Unarmed Combat
 10679 | D:12     | Noticed a two-headed ogre
 10686 | D:12     | Killed a two-headed ogre
 10957 | D:12     | Noticed a two-headed ogre
 10972 | D:12     | Killed a two-headed ogre
 10983 | D:12     | HP: 3/88 [red devil/+0 trident[a kobold demonologist] (22)]
 11212 | D:12     | Noticed Psyche
 11221 | D:12     | Killed Psyche
 11226 | D:12     | Noticed a two-headed ogre
 11257 | D:12     | Killed a two-headed ogre
 11436 | D:12     | Reached *** piety under Ashenzari
 11914 | D:12     | Found a staircase to the Orcish Mines.
 11973 | D:12     | Reached skill level 11 in Unarmed Combat
 12339 | D:13     | Noticed a soul eater
 12413 | D:13     | Noticed a four-headed hydra
 12537 | D:13     | Noticed a catoblepas
 12555 | D:13     | Killed a catoblepas
 12580 | D:13     | Noticed a four-headed hydra
 12588 | D:13     | Killed a one-headed hydra
 12588 | D:13     | Reached skill level 1 in Fighting
 12588 | D:13     | Reached XP level 12. HP: 100/100 MP: 14/14
 13001 | D:13     | Found a gate to the Vaults.
 13001 | D:13     | Noticed a vault guard
 13001 | D:13     | Noticed a vault guard
 13001 | D:13     | Noticed a vault guard
 13001 | D:13     | Noticed a two-headed ogre
 13003 | D:13     | Noticed a vault guard
 13006 | D:13     | Killed a vault guard
 13006 | D:13     | Killed a vault guard
 13006 | D:13     | Killed a vault guard
 13006 | D:13     | Killed a two-headed ogre
 13006 | D:13     | Reached skill level 10 in Dodging
 13016 | D:13     | Killed a vault guard
 13437 | D:13     | Killed a one-headed hydra
 13492 | D:13     | Reached skill level 12 in Unarmed Combat
 14115 | D:14     | Noticed a centaur warrior
 14126 | D:14     | HP: 3/107 [acid dragon/splash of acid (7)]
 14126 | D:14     | Splashed by an acid dragon's acid

Illustrated notes

Levels and vault maps discovered:
D:1:      wheals_arrival_shading, layout_loops_cross
D:2:      layout_loops_cross
D:3:      layout_loops_ring, chequers_ecumenical_altar_simple, uniq_ijyb
D:4:      layout_loops_corners, minmay_temple_entry_antechambers, serial_shops,
          shop_fountains, kennysheep_mini, nicolae_shop_statue_plus, shop, shop
D:5:      layout_cave_pods
D:6:      layout_basic, uniq_prince_ribbit1, uniq_sigmund, uniq_maggie
D:7:      layout_basic, serial_shops, nicolae_shop_behind_doors,
          nicolae_shop_crystal, shop_coins, shop, shop, serial_co_window_serial,
          co_window_paths_a, co_window_of_opportunity_a, co_window_paths_b,
          co_window_corner_a, co_window_of_opportunity_a, co_window_paths_a,
          co_window_of_opportunity_a, co_window_of_opportunity_a,
          co_window_paths_a, co_window_broadway_c, co_window_corner_cb,
          co_window_paths_c, co_window_sun, glass_columns_c
D:8:      layout_rooms
D:9:      layout_big_octagon, grunt_qazlal_sundering, serial_shops,
          nicolae_shop_trees, basic_altar
D:10:     layout_basic, uniq_maurice
D:11:     layout_irregular_city, lair_entry_dummy, jmf_multi_god_temple2
D:12:     layout_loops_corners, hiddenorc2_lemuel, minmay_gold_behind_fungi,
          uniq_psyche
D:13:     layout_roguey, lightli_vaults_fourway_checkpoint,
          kennysheep_generic_room_9
D:14:     layout_irregular_city, kennysheep_another_room
Temple:   compressed_dpeg_circular_temple

Skill      XL: |  1  2  3  4  5  6  7  8  9 10 11 12 |
---------------+-------------------------------------+-----
Conjurations   | 1 2 3 4 5 6 7 8 9 |  9.6
Unarmed Combat | 1 2 3 4 5 6 8 9 11 12 | 12.1
Dodging        | 2 3 4 5 7 8 9 10 | 10.5
Fighting       | 1 4 |  4.1
Stealth        | |  1.0
Spellcasting   | |  2.0
Summonings     | |  0.6
Translocations | |  0.6

Action                   |  1- 3 |  4- 6 |  7- 9 | 10-12 || total
-------------------------+-------+-------+-------+-------++-------
Melee: Unarmed           |    85 |   206 |   331 |   565 ||  1187
       Punch             |       |     2 |     6 |    33 ||    41
       Long sword        |       |       |       |    17 ||    17
 Cast: Mephitic Cloud    |       |     1 |    11 |    19 ||    31
       Magic Dart        |       |       |     4 |       ||     4
Invok: Curse Item        |       |     1 |       |       ||     1
Evoke: Wand              |       |       |       |     8 ||     8
  Use: Scroll            |       |     7 |    12 |    11 ||    30
       Potion            |       |       |     3 |     4 ||     7
 Stab: Sleeping          |       |     4 |     1 |     2 ||     7
       Confused          |       |     1 |     2 |    16 ||    19
       Paralysed         |       |       |       |    10 ||    10
Armor: Robe              |    32 |    57 |    88 |   106 ||   283
       Skin              |       |       |     6 |    17 ||    23
Dodge: Dodged            |    52 |    92 |   185 |   370 ||   699
       Rpst.: Long sword |       |       |       |     4 ||     4

Table legend: (Time is in decaauts)
 A = Elapsed time spent in this place.
 B = Non-inter-level travel time spent in this place.
 C = Inter-level travel time spent in this place.
 D = Time resting spent in this place.
 E = Time spent auto-exploring this place.
 F = Levels seen in this place.
 G = Mean time per level.
                   A        B        C        D        E       F      G
               +--------+--------+--------+--------+--------+-----+--------+
         Total |  13984 |  13536 |    448 |   3328 |   7045 |  15 |  932.3 |
       Dungeon |  13868 |  13434 |    434 |   3328 |   6976 |  14 |  990.6 |
        Temple |    116 |    102 |     14 |      0 |     69 |   1 |  116.0 |
               +--------+--------+--------+--------+--------+-----+--------+

Top non-repeatable levels by time:
    D:12: 1573 daAuts
    D:13: 1544 daAuts
    D:10: 1541 daAuts
     D:4: 1298 daAuts
     D:5: 1156 daAuts
    D:11: 1141 daAuts
     D:7: 1034 daAuts
     D:3: 813 daAuts
     D:2: 751 daAuts
     D:9: 716 daAuts
     D:8: 687 daAuts
     D:6: 671 daAuts
     D:1: 668 daAuts
    D:14: 268 daAuts
  Temple: 116 daAuts
